 Dungeon Crawl Stone Soup version 0.23.0 (console) character file.

Game seed: 13795208921743940847

37630 vogonpoet the Unseen (level 13, -6/63 HPs)
             Began as a Spriggan Enchanter on Feb 10, 2019.
             Was an Elder of Ashenzari.
             Mangled by a manticore (14 damage)
             ... on level 6 of the Lair of Beasts on Feb 11, 2019.
             The game lasted 01:07:45 (19145 turns).

vogonpoet the Unseen (Spriggan Enchanter)          Turns: 19145, Time: 01:07:46

Health: -6/63      AC:  5    Str:  8    XL:     13   Next: 59%
Magic:  21/29      EV: 26    Int: 25    God:    Ashenzari [****..]
Gold:   919        SH:  8    Dex: 18    Spells: 19/34 levels left

rFire    + . .     SeeInvis +   a - +4 dagger (drain) (curse)
rCold    . . .     Gourm    .   o - +0 buckler (curse)
rNeg     . . .     Faith    .   b - +0 robe
rPois    .         Spirit   .   (helmet restricted)
rElec    +         Reflect  .   n - +2 cloak
rCorr    .         Harm     .   (gloves unavailable)
MR       ++...     Clarity  +   (boots unavailable)
Stlth    ++++++....             j - amulet of Warukk {RegenMP rElec Str+4 Int+5 Stlth-} (curse)
HPRegen  0.20/turn              f - ring of protection from fire
MPRegen  0.46/turn              M - ring of Osir {Wiz rElec} (curse)

@: barbed spikes, very quick
A: very small, unfitting armour, see invisible, herbivore, speed 3, slow
metabolism 2
a: Curse Item, Scrying, Renounce Religion


You were on level 6 of the Lair of Beasts.
You worshipped Ashenzari.
Ashenzari was greatly pleased with you.
You were not hungry.

You visited 3 branches of the dungeon, and saw 18 of its levels.
You also visited: Ice Cave.

You collected 919 gold pieces.

Inventory:

Hand Weapons
 a - a cursed +4 dagger of draining (weapon)
 P - a +1 rapier of speed
Missiles
 c - 125 sling bullets
 x - 8 needles of sleeping
 B - 30 poisoned needles
 D - 6 tomahawks (quivered)
Armour
 b - a +0 robe (worn)
 n - a +2 cloak (worn)
 o - a cursed +0 buckler (worn)
 Y - a scarf of repulsion
Magical Staves
 E - an uncursed staff of conjuration
 V - an uncursed staff of energy
Jewellery
 f - a ring of protection from fire (left hand)
 i - an uncursed ring of poison resistance
 j - the cursed amulet of Warukk (around neck) {RegenMP rElec Str+4 Int+5 Stlth-}
   (You found it on level 4 of the Lair of Beasts)

   [amulet of magic regeneration]

   It increases your magic regeneration.
   It affects your strength (+4).
   It affects your intelligence (+5).
   It insulates you from electricity.
   It makes you less stealthy.
   It has a curse placed upon it.
 q - an uncursed ring of protection from magic
 w - a +3 ring of intelligence
 J - an uncursed ring of resist corrosion
 K - an uncursed ring of protection from magic
 M - the cursed ring of Osir (right hand) {Wiz rElec}
   (You found it on level 3 of the Lair of Beasts)

   [ring of wizardry]

   It improves your spell success rate.
   It insulates you from electricity.
   It has a curse placed upon it.
 N - an uncursed ring of protection from fire
Wands
 k - a wand of scattershot (4)
 p - a wand of iceblast (7)
 t - a wand of enslavement (20)
 z - a wand of flame (18)
 F - a wand of digging (4)
 G - a wand of acid (12)
 H - a wand of random effects (59)
 O - a wand of paralysis (8)
Scrolls
 e - 4 scrolls of magic mapping
 v - 2 scrolls of fog
 y - a scroll of enchant weapon
 A - a scroll of torment {unknown}
 S - 3 scrolls of acquirement {unknown}
 T - a scroll of teleportation
 X - a scroll of blinking
 Z - a scroll of identify
Potions
 g - 4 potions of haste
 h - 3 potions of brilliance
 l - 2 potions of agility {unknown}
 m - 4 potions of mutation
 r - 5 potions of heal wounds
 s - 4 potions of curing
 u - a potion of cancellation {unknown}
 C - 4 potions of might
 I - 3 potions of berserk rage {unknown}
 L - 2 potions of flight {unknown}
 Q - 2 potions of resistance
 R - 2 potions of invisibility
 W - 3 potions of magic {unknown}
Miscellaneous
 U - a phial of floods
Comestibles
 d - 17 rations


   Skills:
 - Level 5.2 Fighting
 - Level 9.0(12.3) Short Blades
 - Level 2.1 Armour
 - Level 10.0 Dodging
 + Level 19.4 Stealth
 - Level 3.4(5.5) Shields
 - Level 11.1 Spellcasting
 - Level 4.0(6.1) Conjurations
 - Level 9.4(11.5) Hexes
 - Level 4.1(6.3) Fire Magic
 - Level 1.1(2.5) Ice Magic
 - Level 3.6(5.7) Evocations


You had 19 spell levels left.
You knew the following spells:

 Your Spells              Type           Power        Failure   Level  Hunger
a - Sticky Flame          Conj/Fire      #####...     1%          4    None
b - Ensorcelled Hibernat  Hex/Ice        #####.       1%          2    None
c - Confuse               Hex            ######..     1%          3    None
d - Tukima's Dance        Hex            ######..     1%          3    None
e - Dazzling Spray        Conj/Hex       ######       1%          3    None

Your spell library contained the following spells:

 Spells                   Type           Power        Failure   Level  Hunger
 Corona                   Hex            ######.      1%          1    None
 Flame Tongue             Conj/Fire      #####        1%          1    None
 Slow                     Hex            ######..     1%          2    None
 Throw Flame              Conj/Fire      #####.       1%          2    None
 Conjure Flame            Conj/Fire      #####...     1%          3    None
 Inner Flame              Hex/Fire       ######..     1%          3    None
 Portal Projectile        Hex/Tloc       #####.       1%          3    None
 Cause Fear               Hex            ######....   1%          4    None
 Leda's Liquefaction      Hex/Erth       #####.....   1%          4    None
 Fireball                 Conj/Fire      #####.....   4%          5    ####...
 Bolt of Magma            Conj/Fire/Erth #####.....   10%         5    ####...
 Iskenderun's Battlesphe  Conj/Chrm      ####....     14%         5    ####...
 Venom Bolt               Conj/Pois      ####......   14%         5    ####...
 Iron Shot                Conj/Erth      ####......   58%         6    #####..
 Orb of Destruction       Conj           #####.....   75%         7    #######
 Spellforged Servitor     Conj/Summ      ####......   98%         7    #######


Dungeon Overview and Level Annotations

Branches:
Dungeon (11/15)            Temple (1/1) D:5            Lair (6/6) D:9
  Swamp (0/4) Lair:2        Snake (0/4) Lair:4        Slime (0/5) Lair:6
    Orc (0/2) D:10

Altars:
Ashenzari
Cheibriados
Dithmenos
Gozag
Kikubaaqudgha
Makhleb
Nemelex Xobeh
Okawaru
Ru
Sif Muna
Trog
Uskayaw
Wu Jian
Xom

Shops:
D:10 ([

Annotations:
D:11 4 runed translucent doors
Lair:1 exclusion: 2 doors
Lair:2 exclusion: door


Innate Abilities, Weirdness & Mutations

You are very small and have problems with some larger weapons.
You are too small for most types of armour.
You have supernaturally acute eyesight. (SInv)
You are a herbivore.
You cover ground extremely quickly.
You need to consume almost no food.


Message History

Press: ? - help, Shift-Dir - straight line, f - manticore
Aim: a manticore (chance to defeat MR: 55%)
The manticore resists with some effort.
The manticore bites you! The manticore misses you.
The manticore barely misses you.
Casting: Ensorcelled Hibernation (safe; 1% risk of failure)
Confirm with . or Enter, or press ? or * to list all spells.
Aiming: Ensorcelled Hibernation (safe; 1% risk of failure)
Press: ? - help, Shift-Dir - straight line, f/p - manticore
Aim: a manticore (chance to defeat MR: 55%)
The manticore resists with some effort.
The manticore closely misses you. The manticore claws you.
The manticore completely misses you.
Casting: Ensorcelled Hibernation (safe; 1% risk of failure)
Confirm with . or Enter, or press ? or * to list all spells.
Aiming: Ensorcelled Hibernation (safe; 1% risk of failure)
Press: ? - help, Shift-Dir - straight line, f/p - manticore
Aim: a manticore (chance to defeat MR: 55%)
The manticore resists with some effort.
The manticore bites you!!
* * * LOW HITPOINT WARNING * * *
The manticore claws you!
You die...

*** , ,..P## #....##......... ,
,,,,,.... #.......#....... , ,,
*###... #......#.....÷.. *, .
..... *#........##..... ,, ,
*.Y.#... #.....#..##..... * ,
*FY....H########...###..... ,,, *
, #.......##..#.P##..... , * ,,
#.....#H..#.....###..... , ,, ,
#.....#@..#......##.)... ,, ,
#.....#†###......#..†... *
####...........###...... , *
#.#P........###..<.... , *
#####...#####......... #### #####
######## #..........
#..####...####..##..###..........
.................................
.................................


You could see a manticore.

Vanquished Creatures
  7 hydras
  A two-headed ogre (D:9)
  Urug (Lair:4)
  Nergalle (Lair:4)
  Pikel (D:3)
  An orc knight (D:10)
  A manticore (D:10)
  3 elephants
  Maurice (D:10)
  5 black mambas
  13 spiny frogs
  A rime drake (Lair:6)
  4 komodo dragons
  2 trolls
  7 polar bears
  6 hippogriffs
  Prince Ribbit (D:5)
  14 dream sheep
  11 blink frogs
  A spriggan (Lair:2)
  Sigmund (D:6)
  A wyvern (Lair:4)
  23 yaks
  2 basilisks
  12 water moccasins
  8 porcupines
  2 orc warriors
  A black bear (D:11)
  13 ice beasts
  A sky beast (D:11)
  A slave (D:4)
  2 ogres
  A necrophage (D:9)
  2 phantoms (D:9)
  6 centaurs
  10 wolves
  16 crocodiles
  14 bullfrogs
  3 scorpions
  6 killer bees (D:9)
  4 howler monkeys
  3 wights (D:11)
  6 electric eels (D:7)
  6 crimson imps
  A quasit (D:7)
  5 hounds
  3 jellies
  3 centaur skeletons
  4 orc priests
  Crazy Yiuf (D:2)
  14 orc wizards
  3 iguanas
  Natasha (thrice) (D:3)
  Ijyb (D:4)
  10 worker ants
  A killer bee zombie (D:7)
  A hound skeleton (D:5)
  6 gnolls
  3 howler monkey skeletons
  8 adders
  6 shadow imps
  An adder skeleton (D:5)
  5 worms
  3 dart slugs (D:1)
  7 leopard geckos
  40 orcs
  4 ball pythons
  7 giant cockroaches
  9 goblins
  6 hobgoblins
  15 jackals
  7 quokkas
  A ball python zombie (D:5)
  4 bats
  6 frilled lizards
  7 kobolds
  A leopard gecko skeleton (D:4)
  5 rats
  2 rat zombies (D:7)
  4 butterflies
433 creatures vanquished.

Vanquished Creatures (collateral kills)
  An orc warrior (D:9)
  An ogre (D:5)
2 creatures vanquished.

Vanquished Creatures (others)
  3 dancing weapons
  A slave (D:5)
  A wolf (IceCv)
  An orc wizard (D:4)
  A worker ant (D:5)
  2 orcs
  3 fungi
  A plant (Lair:2)
13 creatures vanquished.

Grand Total: 448 creatures vanquished

Notes
Turn   | Place    | Note
-------+----------+-------------------------------------------
     0 | D:1      | vogonpoet the Spriggan Enchanter began the quest for the
                  | Orb.
     0 | D:1      | Reached XP level 1. HP: 9/9 MP: 5/5
    59 | D:1      | Reached XP level 2. HP: 13/13 MP: 6/6
    63 | D:1      | Learned a level 2 spell: Ensorcelled Hibernation
   522 | D:1      | Reached skill level 5 in Hexes
   635 | D:1      | Reached XP level 3. HP: 12/16 MP: 8/8
   640 | D:1      | Learned a level 3 spell: Confuse
  1389 | D:2      | Found a runed translucent door.
  1390 | D:2      | Noticed Crazy Yiuf
  1409 | D:2      | Killed Crazy Yiuf
  1409 | D:2      | Reached XP level 4. HP: 20/21 MP: 3/10
  1630 | D:2      | Found an iron altar of Okawaru.
  1805 | D:3      | Noticed Natasha
  1815 | D:3      | Learned a level 3 spell: Tukima's Dance
  1822 | D:3      | Killed Natasha
  1822 | D:3      | Reached XP level 5. HP: 21/24 MP: 4/12
  2155 | D:3      | Noticed Natasha
  2167 | D:3      | Killed Natasha
  2594 | D:4      | Noticed Ijyb
  2641 | D:4      | Killed Ijyb
  2887 | D:3      | Learned a level 3 spell: Dazzling Spray
  2897 | D:4      | Reached skill level 5 in Spellcasting
  2897 | D:4      | Reached XP level 6. HP: 28/28 MP: 7/14
  3059 | D:4      | Found a deep blue altar of Sif Muna.
  3065 | D:4      | Reached skill level 1 in Ice Magic
  3109 | D:5      | Entered Level 5 of the Dungeon
  3121 | D:5      | Noticed Pikel
  3121 | D:5      | Noticed a slave
  3121 | D:5      | Noticed a slave
  3121 | D:5      | Noticed a slave
  3283 | D:4      | Killed a slave
  3806 | D:3      | HP: 1/28 [Pikel/+2 whip of freezing (3)]
  4102 | D:3      | Noticed Natasha
  4109 | D:3      | Killed Pikel
  4109 | D:3      | Reached XP level 7. HP: 30/32 MP: 10/16
  4114 | D:3      | Killed Natasha
  4269 | D:5      | Reached skill level 5 in Stealth
  4549 | D:5      | Reached skill level 6 in Stealth
  4700 | D:5      | Reached XP level 8. HP: 31/36 MP: 17/17
  4713 | D:5      | Noticed Prince Ribbit
  4716 | D:5      | Killed Prince Ribbit
  4716 | D:5      | Reached skill level 8 in Stealth
  4779 | D:5      | Found a staircase to the Ecumenical Temple.
  4813 | Temple   | Entered the Ecumenical Temple
  4987 | Temple   | Became a worshipper of Ashenzari the Shackled
  5068 | D:5      | Reached skill level 9 in Stealth
  5312 | D:5      | Reached skill level 1 in Shields
  5647 | D:6      | Found a shimmering altar of Xom.
  5835 | D:6      | Found a sacrificial altar of Ru.
  6056 | D:6      | Reached skill level 5 in Dodging
  6323 | D:7      | Found an ornate altar of the Wu Jian Council.
  6356 | D:7      | Reached XP level 9. HP: 39/39 MP: 17/19
  6519 | D:7      | Found an ancient bone altar of Kikubaaqudgha.
  6606 | D:7      | Found a hide-covered altar of Uskayaw.
  7602 | D:8      | Reached skill level 1 in Conjurations
  7858 | D:8      | Found a burning altar of Makhleb.
  7858 | D:8      | Found a bloodstained altar of Trog.
  9443 | D:9      | Noticed an elephant
  9619 | D:9      | Found a staircase to the Lair.
  9693 | D:9      | Killed an elephant
  9693 | D:9      | Reached skill level 10 in Stealth
  9693 | D:9      | Reached XP level 10. HP: 44/44 MP: 17/23
  9706 | D:9      | Noticed a two-headed ogre
  9752 | D:9      | Killed a two-headed ogre
  9752 | D:9      | Reached skill level 11 in Stealth
  9784 | D:9      | Reached * piety under Ashenzari
 10190 | D:9      | Found an opulent altar of Gozag.
 10326 | D:9      | Reached skill level 12 in Stealth
 10904 | D:10     | Entered Level 10 of the Dungeon
 11002 | D:10     | Noticed a manticore
 11013 | D:10     | Killed a manticore
 11013 | D:10     | Reached skill level 13 in Stealth
 11047 | D:10     | Reached skill level 1 in Fighting
 11224 | D:10     | Reached skill level 14 in Stealth
 11573 | D:10     | Found Cazehiy's Armour Emporium.
 11582 | D:10     | Noticed an orc knight
 11656 | D:10     | Killed an orc knight
 11656 | D:10     | Reached XP level 11. HP: 33/49 MP: 4/24
 11946 | D:10     | Found a staircase to the Orcish Mines.
 11948 | D:10     | Found Maclut's Weapon Emporium.
 12098 | D:10     | Noticed a five-headed hydra
 12100 | D:10     | Killed a five-headed hydra
 12100 | D:10     | Reached skill level 15 in Stealth
 12144 | D:10     | Noticed Maurice
 12168 | D:10     | Killed Maurice
 12223 | D:10     | Got the hunting sling "Womue" {freeze, rElec MR+ Int+3}
 12407 | D:11     | Found a runed translucent door.
 12426 | D:11     | Found a runed translucent door.
 12436 | D:11     | Found a runed translucent door.
 12446 | D:11     | Found a runed translucent door.
 13047 | D:6      | Noticed Sigmund
 13052 | D:6      | Reached ** piety under Ashenzari
 13060 | D:6      | Killed Sigmund
 13190 | Lair:1   | Entered Level 1 of the Lair of Beasts
 13218 | Lair:1   | Reached skill level 16 in Stealth
 13236 | Lair:1   | Noticed a seven-headed hydra
 13367 | Lair:1   | Identified the +7 hunting sling "Womue" {freeze, rElec MR+
                  | Int+3} (You found it on level 10 of the Dungeon)
 14319 | Lair:2   | Reached skill level 17 in Stealth
 14334 | Lair:2   | Found a staircase to the Swamp.
 14392 | Lair:2   | Noticed an eight-headed hydra
 14399 | Lair:2   | Killed an eight-headed hydra
 14529 | Lair:2   | Reached *** piety under Ashenzari
 14702 | Lair:2   | Noticed a catoblepas
 15148 | Lair:3   | Identified the ring of Osir {Wiz rElec}
 15163 | Lair:3   | Noticed a seven-headed hydra
 15168 | Lair:3   | Found a frozen archway.
 15170 | Lair:3   | Killed a seven-headed hydra
 15170 | Lair:3   | Reached XP level 12. HP: 58/58 MP: 25/25
 15301 | IceCv    | Entered an ice cave
 15448 | IceCv    | Reached skill level 5 in Fighting
 15941 | Lair:3   | Reached skill level 10 in Dodging
 15947 | Lair:3   | Learned a level 4 spell: Sticky Flame
 16258 | Lair:3   | Reached skill level 1 in Fire Magic
 16316 | Lair:3   | Reached **** piety under Ashenzari
 16922 | Lair:4   | Identified the amulet of Warukk {RegenMP rElec Str+4 Int+5
                  | Stlth-}
 16941 | Lair:4   | Noticed Urug
 16956 | Lair:4   | Noticed a four-headed hydra
 16959 | Lair:4   | Noticed a five-headed hydra
 16977 | Lair:4   | Found a staircase to the Snake Pit.
 17194 | Lair:4   | Killed Urug
 17196 | Lair:4   | Reached skill level 10 in Spellcasting
 17232 | Lair:4   | Killed a four-headed hydra
 17365 | Lair:4   | Killed a five-headed hydra
 17503 | Lair:4   | Noticed Nergalle
 17503 | Lair:4   | Noticed a six-headed hydra
 17538 | Lair:4   | Killed Nergalle
 17538 | Lair:4   | Reached XP level 13. HP: 63/63 MP: 17/29
 17873 | Lair:5   | Reached skill level 1 in Armour
 18697 | Lair:6   | Entered Level 6 of the Lair of Beasts
 18757 | Lair:6   | Reached skill level 18 in Stealth
 19042 | Lair:6   | Reached skill level 19 in Stealth
 19076 | Lair:6   | Found a staircase to the Slime Pits.
 19145 | Lair:6   | Mangled by a manticore

Skill      XL: |  1  2  3  4  5  6  7  8  9 10 11 12 13 |
---------------+----------------------------------------+-----
Hexes          | 4 5 6 7 9 |  9.4
Spellcasting   | 3 4 5 6 8 11 | 11.1
Ice Magic      | 1 |  1.1
Short Blades   | 6 8 9 |  9.0
Stealth        | 6 9 10 14 17 19 | 19.4
Shields        | 1 2 3 |  3.4
Dodging        | 7 8 10 | 10.0
Conjurations   | 3 4 |  4.0
Fighting       | 1 4 5 |  5.2
Evocations     | 3 |  3.6
Fire Magic     | 4 |  4.1
Armour         | 2 |  2.1

Action                   |  1- 3 |  4- 6 |  7- 9 | 10-12 | 13-15 || total
-------------------------+-------+-------+-------+-------+-------++-------
Melee: Dagger            |   105 |   128 |   366 |   407 |   128 ||  1134
       Rapier            |       |       |     1 |       |       ||     1
Throw: Tomahawk          |       |       |     7 |     8 |     1 ||    16
 Cast: Ensorcelled Hiber |    20 |    16 |    83 |   154 |    65 ||   338
       Confuse           |     2 |    23 |    55 |    64 |     9 ||   153
       Tukima's Dance    |       |     4 |     5 |    11 |       ||    20
       Dazzling Spray    |       |       |     4 |    20 |     8 ||    32
Invok: Curse Item        |       |       |       |     2 |     2 ||     4
Evoke: Wand              |       |       |     9 |     3 |       ||    12
  Use: Scroll            |       |     4 |     6 |    11 |     2 ||    23
       Potion            |       |       |       |     2 |       ||     2
 Stab: Sleeping          |    35 |    20 |    62 |   121 |    47 ||   285
       Confused          |     2 |    12 |    29 |    33 |     5 ||    81
       Invisible         |       |       |     1 |     9 |       ||    10
       Distracted        |       |       |     1 |     2 |       ||     3
  Eat: Ration            |       |     2 |     5 |     3 |     1 ||    11
Armor: Robe              |     5 |    14 |    21 |    19 |     2 ||    61
Dodge: Dodged            |    65 |    94 |   263 |   230 |    65 ||   717
Block: Buckler           |       |       |    60 |    82 |    28 ||   170
